APL (24 & UNDER)
PENSACOLA PILOTS @ BEAVERTON BRONZE SOULS
04/01/2030
 
TOP OF THE 1ST
Pensacola Pilots batting - Pitching for Beaverton Bronze Souls : LHP David Jennings
Pitching: LHP David Jennings
Batting: LHB Preston Hamilton 0-0: Ball
1-0: Swinging Strike
1-1: Foul Ball, location: 2F
1-2: Ball
2-2: Ball
3-2: Base on Balls
Batting: RHB Albert Morán 0-0: Foul Ball, location: 2F
0-1: DOUBLE (Line Drive, 78XD)
Preston Hamilton to third
Batting: RHB Lawrence Davidson 0-0: Ball
1-0: Called Strike
1-1: Called Strike
1-2: Ball
2-2: Ball
3-2: Ground out U3 (Groundball, 34S)
Preston Hamilton scores
Albert Morán to third
Batting: LHB Ángel Flores 0-0: Ball
1-0: Called Strike
1-1: Ball
2-1: Ball
3-1: Foul Ball, location: 2F
3-2: Base on Balls
Batting: RHB Tony Pulla 0-0: Ball
1-0: Foul Ball, location: 2F
1-1: Ball
2-1: Foul Ball, location: 2F
2-2: Strikes out swinging
Ángel Flores steals 2nd base
Batter strikes out.
Batting: RHB John Hall 0-0: Ball
1-0: Ball
2-0: Foul Ball, location: 2F
2-1: Fly out, F6 (Flyball, 6MD)
Top of the 1st over - 1 run, 1 hit, 0 errors, 2 left on base; Pensacola 1 - Beaverton 0
BOTTOM OF THE 1ST
Beaverton Bronze Souls batting - Pitching for Pensacola Pilots : RHP Robin Richmond
Pitching: RHP Robin Richmond
Batting: LHB Manuel Félix 0-0: Called Strike
0-1: Ground out 5-3 (Groundball, 5L)
Batting: RHB Armando García 0-0: Foul Ball, location: 2F
0-1: Ball
1-1: Ball
2-1: Called Strike
2-2: Fly out, F6 (Popup, 6M)
Batting: RHB Steve Smith 0-0: Called Strike
0-1: Ball
1-1: Swinging Strike
1-2: Ground out 5-3 (Groundball, 56)
Bottom of the 1st over - 0 runs, 0 hits, 0 errors, 0 left on base; Pensacola 1 - Beaverton 0
TOP OF THE 2ND
Pensacola Pilots batting - Pitching for Beaverton Bronze Souls : LHP David Jennings
Batting: SHB Carlos González 0-0: SINGLE (Line Drive, 8LS)
Batting: RHB George Martin 0-0: Ball
1-0: Ball
2-0: Called Strike
2-1: Foul Ball, location: 2F
2-2: Strikes out looking
Batting: RHB Timothy Foster 0-0: Called Strike
0-1: Ball
Carlos González is caught stealing 2nd base
1-1: Ball
2-1: Called Strike
2-2: Ball
3-2: Strikes out swinging
Top of the 2nd over - 0 runs, 1 hit, 0 errors, 0 left on base; Pensacola 1 - Beaverton 0
BOTTOM OF THE 2ND
Beaverton Bronze Souls batting - Pitching for Pensacola Pilots : RHP Robin Richmond
Batting: RHB Dan Cross 0-0: Called Strike
0-1: Foul Ball, location: 2F
0-2: Ball
1-2: Foul Ball, location: 2F
1-2: Strikes out swinging
Batting: RHB Luis Carranza 0-0: Called Strike
0-1: Swinging Strike
0-2: Ball
1-2: Foul Ball, location: 2F
1-2: Strikes out looking
Batting: RHB Bert Larson 0-0: Called Strike
0-1: Foul Ball, location: 2F
0-2: Strikes out swinging
Bottom of the 2nd over - 0 runs, 0 hits, 0 errors, 0 left on base; Pensacola 1 - Beaverton 0
TOP OF THE 3RD
Pensacola Pilots batting - Pitching for Beaverton Bronze Souls : LHP David Jennings
Batting: LHB Preston Hamilton 0-0: Fly out, F9 (Flyball, 9S)
Batting: RHB Albert Morán 0-0: Fly out, F9 (Flyball, 9D)
Batting: RHB Lawrence Davidson 0-0: Ball
1-0: Called Strike
1-1: Foul Ball, location: 2F
1-2: Ball
2-2: SOLO HOME RUN (Flyball, 7LD), Distance : 332 ft
Batting: LHB Ángel Flores 0-0: Called Strike
0-1: Called Strike
0-2: Ball
1-2: Ground out 5-3 (Groundball, 56S)
Top of the 3rd over - 1 run, 1 hit, 0 errors, 0 left on base; Pensacola 2 - Beaverton 0
BOTTOM OF THE 3RD
Beaverton Bronze Souls batting - Pitching for Pensacola Pilots : RHP Robin Richmond
Batting: LHB Jonathan Belisle 0-0: Foul Ball, location: 2F
0-1: Ball
1-1: Ball
2-1: Ball
3-1: Base on Balls
Batting: RHB Ricardo López 0-0: Ball
Jonathan Belisle is caught stealing 2nd base
1-0: Called Strike
1-1: Ball
2-1: Foul Ball, location: 2F
2-2: Foul Ball, location: 2F
2-2: Fly out, F6 (Popup, 4MS)
Batting: SHB Teko de Bruin 0-0: Ball
1-0: Ball
2-0: Called Strike
2-1: Ball
3-1: SINGLE (Groundball, 34D)
Batting: LHB Manuel Félix 0-0: Swinging Strike
0-1: Ball
1-1: Fly out, F2 (Popup, 5SF)
Bottom of the 3rd over - 0 runs, 1 hit, 0 errors, 1 left on base; Pensacola 2 - Beaverton 0
TOP OF THE 4TH
Pensacola Pilots batting - Pitching for Beaverton Bronze Souls : LHP David Jennings
Batting: RHB Tony Pulla 0-0: Ground out 6-3 (Groundball, 6S)
Batting: RHB John Hall 0-0: Foul Ball, location: 2F
0-1: Ball
1-1: Called Strike
1-2: Ball
2-2: Strikes out swinging
Batting: SHB Carlos González 0-0: Ball
1-0: Ball
2-0: Foul Ball, location: 2F
2-1: Called Strike
2-2: Ball
3-2: Strikes out swinging
Top of the 4th over - 0 runs, 0 hits, 0 errors, 0 left on base; Pensacola 2 - Beaverton 0
BOTTOM OF THE 4TH
Beaverton Bronze Souls batting - Pitching for Pensacola Pilots : RHP Robin Richmond
Batting: RHB Armando García 0-0: Ball
1-0: DOUBLE (Line Drive, 78XD)
Batting: RHB Steve Smith 0-0: Ball
1-0: Foul Ball, location: 2F
1-1: Ball
2-1: Foul Ball, location: 2F
2-2: Ball
3-2: SINGLE (Groundball, 6MD)
Armando García to third
Batting: RHB Dan Cross 0-0: Ground out 5-3 (Groundball, 56S)
Armando García scores
Steve Smith to second
Batting: RHB Luis Carranza 0-0: Swinging Strike
0-1: Ground out 6-3 (Groundball, 6)
Batting: RHB Bert Larson 0-0: Swinging Strike
0-1: Fly out, F9 (Flyball, 9)
Bottom of the 4th over - 1 run, 2 hits, 0 errors, 1 left on base; Pensacola 2 - Beaverton 1
TOP OF THE 5TH
Pensacola Pilots batting - Pitching for Beaverton Bronze Souls : LHP David Jennings
Batting: RHB George Martin 0-0: Ball
1-0: Swinging Strike
1-1: Foul Ball, location: 2F
1-2: Fly out, F5 (Line Drive, 5)
Batting: RHB Timothy Foster 0-0: Ball
1-0: Foul Ball, location: 2F
1-1: Ball
2-1: Ball
3-1: SINGLE (Groundball, 15) (infield hit)
Batting: LHB Preston Hamilton 0-0: Foul Ball, location: 2F
0-1: Foul Ball, location: 2F
0-2: SINGLE (Groundball, 4MD)
Timothy Foster to second
Batting: RHB Albert Morán 0-0: Ball
Wild Pitch!
Timothy Foster to third
Preston Hamilton to second
1-0: Ball
2-0: Called Strike
2-1: Ground out 6-3 (Groundball, 6)
Batting: RHB Lawrence Davidson 0-0: Ball
1-0: Foul Ball, location: 2F
1-1: Ball
2-1: Ground out 4-3 (Groundball, 4D)
Top of the 5th over - 0 runs, 2 hits, 0 errors, 2 left on base; Pensacola 2 - Beaverton 1
BOTTOM OF THE 5TH
Beaverton Bronze Souls batting - Pitching for Pensacola Pilots : RHP Robin Richmond
Batting: LHB Jonathan Belisle 0-0: Ball
1-0: Ball
2-0: Called Strike
2-1: Fly out, F7 (Flyball, 78M)
Batting: RHB Ricardo López 0-0: Ground out 6-3 (Groundball, 6MD)
Batting: SHB Teko de Bruin 0-0: Foul Ball, location: 2F
0-1: Ground out U3 (Groundball, 34)
Bottom of the 5th over - 0 runs, 0 hits, 0 errors, 0 left on base; Pensacola 2 - Beaverton 1
TOP OF THE 6TH
Pensacola Pilots batting - Pitching for Beaverton Bronze Souls : LHP David Jennings
Batting: LHB Ángel Flores 0-0: Ball
1-0: Called Strike
1-1: Called Strike
1-2: Ball
2-2: Strikes out swinging
Batting: RHB Tony Pulla 0-0: Ball
1-0: Ball
2-0: Foul Ball, location: 2F
2-1: Ball
3-1: Foul Ball, location: 2F
3-2: Base on Balls
Batting: RHB John Hall 0-0: Ball
Tony Pulla steals 2nd base
1-0: Intentional Walk
Batting: SHB Carlos González 0-0: Called Strike
0-1: Ball
1-1: Called Strike
1-2: Foul Ball, location: 2F
1-2: Foul Ball, location: 2F
1-2: Strikes out looking
Batting: RHB George Martin 0-0: Swinging Strike
0-1: Ball
1-1: Ball
2-1: DOUBLE (Flyball, 8LD)
Tony Pulla scores
John Hall to third
Runner from 3rd tries for Home, SAFE, no throw
Batting: RHB Timothy Foster 0-0: Foul Ball, location: 2F
0-1: Foul Ball, location: 2F
0-2: Strikes out swinging
Top of the 6th over - 2 runs, 1 hit, 0 errors, 1 left on base; Pensacola 4 - Beaverton 1
BOTTOM OF THE 6TH
Beaverton Bronze Souls batting - Pitching for Pensacola Pilots : RHP Robin Richmond
Batting: LHB Manuel Félix 0-0: Ball
1-0: Ball
2-0: Called Strike
2-1: Called Strike
2-2: Foul Ball, location: 2F
2-2: Ball
3-2: Fly out, F9 (Line Drive, 89D)
Batting: RHB Armando García 0-0: Swinging Strike
0-1: SINGLE (Line Drive, 6MD)
Batting: RHB Steve Smith 0-0: Ball
1-0: Foul Ball, location: 2F
1-1: Foul Ball, location: 2F
1-2: Ball
2-2: Grounds into double play, 6-4-3 (Groundball, 6MD)
Bottom of the 6th over - 0 runs, 1 hit, 0 errors, 0 left on base; Pensacola 4 - Beaverton 1
TOP OF THE 7TH
Pensacola Pilots batting - Pitching for Beaverton Bronze Souls : LHP David Jennings
Pitching: RHP Wilson Delgado
Batting: LHB Preston Hamilton 0-0: Ball
1-0: Ball
2-0: Fly out, F8 (Flyball, 8RM)
Batting: RHB Albert Morán 0-0: Ball
1-0: Called Strike
1-1: Swinging Strike
1-2: Strikes out swinging
Batting: RHB Lawrence Davidson 0-0: SINGLE (Groundball, 5D)
Batting: LHB Ángel Flores 0-0: Ball
1-0: SINGLE (Flyball, 9LS)
Lawrence Davidson to second
Runner from 2nd tries for 3rd, SAFE, no throw
Batting: RHB Tony Pulla 0-0: Fly out, F3 (Popup, 3F)
Top of the 7th over - 0 runs, 2 hits, 0 errors, 2 left on base; Pensacola 4 - Beaverton 1
BOTTOM OF THE 7TH
Beaverton Bronze Souls batting - Pitching for Pensacola Pilots : RHP Robin Richmond
Batting: RHB Dan Cross 0-0: Ball
1-0: Foul Ball, location: 2F
1-1: Fly out, F9 (Flyball, 9LMF)
Batting: RHB Luis Carranza 0-0: Ball
1-0: Called Strike
1-1: DOUBLE (Flyball, 8LXD) - OUT at third base trying to stretch hit.
Batting: RHB Bert Larson 0-0: Ball
1-0: Foul Ball, location: 2F
1-1: Swinging Strike
1-2: Foul Ball, location: 2F
1-2: Strikes out swinging
Bottom of the 7th over - 0 runs, 1 hit, 0 errors, 0 left on base; Pensacola 4 - Beaverton 1
TOP OF THE 8TH
Pensacola Pilots batting - Pitching for Beaverton Bronze Souls : RHP Wilson Delgado
Batting: RHB John Hall 0-0: Ball
1-0: Foul Ball, location: 2F
1-1: Ball
2-1: Fly out, F4 (Popup, 4M)
Batting: SHB Carlos González 0-0: Ball
1-0: Called Strike
1-1: Swinging Strike
1-2: Strikes out swinging
Batting: RHB George Martin 0-0: Foul Ball, location: 2F
0-1: DOUBLE (Line Drive, 78XD)
Batting: RHB Timothy Foster 0-0: Ball
1-0: Called Strike
1-1: Foul Ball, location: 2F
1-2: Foul Ball, location: 2F
1-2: Foul Ball, location: 2F
1-2: SINGLE (Groundball, 4MD)
George Martin to third
Runner from 3rd tries for Home, SAFE, no throw
Batting: LHB Preston Hamilton 0-0: Ball
1-0: Ball
2-0: Ball
3-0: Called Strike
3-1: Called Strike
3-2: Ground out 5-3 (Groundball, 56S)
Top of the 8th over - 1 run, 2 hits, 0 errors, 1 left on base; Pensacola 5 - Beaverton 1
BOTTOM OF THE 8TH
Beaverton Bronze Souls batting - Pitching for Pensacola Pilots : RHP Robin Richmond
Batting: LHB Jonathan Belisle 0-0: Called Strike
0-1: SINGLE (Line Drive, 3D)
Batting: RHB Ricardo López 0-0: Grounds into double play, 6-4-3 (Groundball, 6)
Batting: SHB Teko de Bruin 0-0: Called Strike
0-1: Called Strike
0-2: Ball
1-2: Ground out 4-3 (Groundball, 4)
Bottom of the 8th over - 0 runs, 1 hit, 0 errors, 0 left on base; Pensacola 5 - Beaverton 1
TOP OF THE 9TH
Pensacola Pilots batting - Pitching for Beaverton Bronze Souls : RHP Wilson Delgado
Batting: RHB Albert Morán 0-0: Ball
1-0: Foul Ball, location: 2F
1-1: Swinging Strike
1-2: Foul Ball, location: 2F
1-2: Ball
2-2: Strikes out looking
Batting: RHB Lawrence Davidson 0-0: SINGLE (Groundball, 34S) (infield hit)
Batting: LHB Ángel Flores 0-0: Ball
1-0: DOUBLE (Flyball, 8RXD)
Lawrence Davidson to third
Batting: RHB Tony Pulla 0-0: Called Strike
0-1: Called Strike
0-2: DOUBLE (Line Drive, 78D)
Lawrence Davidson scores
Ángel Flores scores
Pitching: RHP Octávio García
Batting: RHB John Hall 0-0: Ball
1-0: Ball
2-0: Ball
3-0: Base on Balls
Batting: SHB Carlos González 0-0: Ball
Tony Pulla steals 3rd base
1-0: Ball
2-0: Fly out, F9 (Line Drive, 89M)
Runner from 3rd tags up, SCORES, no throw
Batting: RHB George Martin 0-0: Ball
1-0: Ball
2-0: Foul Ball, location: 2F
2-1: Foul Ball, location: 2F
2-2: Ball
3-2: Base on Balls
John Hall to second
Batting: RHB Timothy Foster 0-0: Called Strike
0-1: Fly out, F9 (Line Drive, 9)
Top of the 9th over - 3 runs, 3 hits, 0 errors, 2 left on base; Pensacola 8 - Beaverton 1
BOTTOM OF THE 9TH
Beaverton Bronze Souls batting - Pitching for Pensacola Pilots : RHP Robin Richmond
Now at C: José Ramos
Batting: LHB Manuel Félix 0-0: Called Strike
0-1: Ball
1-1: Ball
2-1: Fly out, F7 (Line Drive, 7S)
Batting: RHB Armando García 0-0: Called Strike
0-1: SINGLE (Groundball, 6MD)
Batting: RHB Steve Smith 0-0: Ball
1-0: Called Strike
1-1: Foul Ball, location: 2F
1-2: Ball
2-2: Grounds into double play, 6-4-3 (Groundball, 6)
Bottom of the 9th over - 0 runs, 1 hit, 0 errors, 0 left on base; Pensacola 8 - Beaverton 1
Saturday, April 7th, 2018 - OOTP Baseball 18.8 Build 76